 Dungeon Crawl Stone Soup version 0.26-a0-652-gafc20e3620 (webtiles) character file.

Game seed: 9673822044349851931

146 GarryLv the Scratcher (level 5, -2/22 HPs)
             Began as a Felid Transmuter on Oct 3, 2020.
             Was a Follower of Sif Muna.
             Slain by a scorpion (3 damage)
             ... on level 4 of the Dungeon.
             The game lasted 00:23:10 (4988 turns).

GarryLv the Scratcher (Felid Transmuter)            Turns: 4988, Time: 00:23:11

Health: -2/22      AC:  2    Str:  7    XL:     5   Next: 7%
Magic:  8/10       EV: 19    Int: 15    God:    Sif Muna [*.....]
Gold:   190        SH:  0    Dex: 17    Spells: 4/10 levels left
                                        Lives:  0   Deaths: 1

rFire    . . .     SeeInvis +     - Unarmed
rCold    . . .     Faith    +   (shield unavailable)
rNeg     . . .     Spirit   .   (armour unavailable)
rPois    .         Reflect  .   (helmet unavailable)
rElec    .         Harm     .   (cloak unavailable)
rCorr    +         Rampage  .   (gloves unavailable)
MR       .....                  (boots unavailable)
Stlth    ++........             g - amulet of faith
HPRegen  0.07/turn              h - ring of resist corrosion
MPRegen  0.12/turn              (no ring)

@: appendages, wereblooded, berserk cooldown, slowed, slow
A: very small, no armour, no weapons or thrown items, stealth, claws 1, fangs 3,
horns 2, see invisible, speed 1, shaggy fur 2, sharp paws
a: End Transformation, Channel Magic, Renounce Religion


You were on level 4 of the Dungeon.
You worshipped Sif Muna.
Sif Muna was aware of your devotion.
You had grown temporary horns.
You visited 1 branch of the dungeon, and saw 4 of its levels.

You collected 190 gold pieces.

Inventory:

Hand Weapons
 c - a +1 short sword
Jewellery
 g - an amulet of faith (around neck)
 h - a ring of resist corrosion (left paw)
Scrolls
 a - 3 scrolls of remove curse
 d - a scroll of immolation
 f - a scroll of enchant armour
 i - 2 scrolls of teleportation
Potions
 b - a potion of magic
 j - a potion of curing {unknown}
 k - 4 potions of haste


   Skills:
 + Level 1.1 Fighting
 + Level 3.9 Dodging
 + Level 1.6 Stealth
 * Level 4.6 Unarmed Combat
 * Level 3.2 Spellcasting
 * Level 3.8 Transmutations


You had 4 spell levels left.
You knew the following spells:

 Your Spells              Type           Power        Failure   Level
a - Beastly Appendage     Tmut           ##....       4%          1
b - Wereblood             Tmut           ##......     6%          2
c - Spider Form           Tmut/Pois      #.........   26%         3

Your spell library contained the following spells:

 Spells                   Type           Power        Failure   Level
 Ice Form                 Ice/Tmut       #.......     65%         4
 Blade Hands              Tmut           ##........   73%         5


Dungeon Overview and Level Annotations

Branches:
Dungeon (4/15)
 Temple: D:4-7

Altars:
Makhleb
Sif Muna
Trog
Yredelemnul


Innate Abilities, Weirdness & Mutations

You cannot wear armour.
You are incapable of wielding weapons or throwing items.
Your paws allow you to move quietly. (Stealth)
You have sharp claws.
You have razor-sharp teeth.
You have supernaturally acute eyesight. (SInv)
You cover ground quickly.
You are covered in thick fur. (AC +2)
Your sharp claws are effective at attacking unaware monsters.
You have a pair of horns on your head.


Message History

A worm comes into view.
The worm moves out of view.
A river rat comes into view.
The worm bites you!
You scratch the worm but do no damage. The worm closely misses you.
You claw the worm!
The worm is heavily wounded.
The river rat twitches its whiskers.
The worm barely misses you.
You scratch the worm. Your headbutt misses the worm.
The worm is heavily wounded.
You scratch the worm. You bite the worm.
The worm is severely wounded.
The river rat bites you! The worm bites you.
* * * LOW HITPOINT WARNING * * *
The river rat barely misses you.
You scratch the worm.
The worm is almost dead.
The scorpion stings you.
You die...

...............
..............#
.......(......#
.............
............
..........#
.......w..##
.......r@...##
........s.....#
..............#
..........†...#
..............#
.............#..#
............###...
...........## ...
...........# ..


You could see a worm, a scorpion and a river rat.

Vanquished Creatures
  A bullfrog (D:2)
  2 howler monkeys (D:4)
  4 gnolls (D:2)
  3 adders
  2 worms (D:3)
  A dart slug (D:1)
  An orc (D:3)
  A ball python (D:2)
  5 bats
  2 giant cockroaches
  10 goblins
  10 hobgoblins
  4 jackals (D:3)
  3 quokkas
  9 frilled lizards
  6 kobolds
  11 rats
75 creatures vanquished.

Notes
Turn   | Place    | Note
-------+----------+-------------------------------------------
     0 | D:1      | GarryLv the Felid Transmuter began the quest for the Orb.
     0 | D:1      | Reached XP level 1. HP: 9/9 MP: 4/4
   460 | D:1      | Reached XP level 2. HP: 12/12 MP: 4/6
  1382 | D:2      | Reached XP level 3. HP: 9/15 MP: 5/7
  1697 | D:2      | Learned a level 2 spell: Wereblood
  1701 | D:2      | Learned a level 3 spell: Spider Form
  2103 | D:2      | Found a shimmering blue altar of Sif Muna.
  2109 | D:2      | Became a worshipper of Sif Muna the Loreminder
  2241 | D:2      | Reached XP level 4. HP: 15/19 MP: 5/8
  2255 | D:2      | Noticed a bullfrog
  2270 | D:2      | Killed a bullfrog
  2270 | D:2      | Reached skill level 1 in Stealth
  2270 | D:2      | Reached XP level 5. HP: 10/22 MP: 7/10
  2588 | D:2      | Reached skill level 4 in Unarmed Combat
  3063 | D:3      | Found a burning altar of Makhleb.
  3161 | D:3      | Reached * piety under Sif Muna
  3202 | D:3      | Found a bloodstained altar of Trog.
  3216 | D:3      | HP: 1/22 [worm (11)]
  3652 | D:3      | Found a basalt altar of Yredelemnul.
  4925 | D:4      | Gained mutation: You are covered in thick fur. (AC +2)
                  | [Felid growth]
  4925 | D:4      | Reached XP level 6. HP: 19/25 MP: 9/11
  4936 | D:4      | Slain by a scorpion
  4937 | D:4      | Reached XP level 5. HP: -3/22 MP: 8/10
  4987 | D:4      | HP: 1/22 [worm (6)]
  4988 | D:4      | Slain by a scorpion

Illustrated notes

Levels and vault maps discovered:
D:1:      moated_graveyard_arrival, layout_basic, patterned_corridor
D:2:      layout_loops_corners, led_sif_pool
D:3:      layout_basic, overflow_temple_1_default, bloody_trog,
          lemuel_crystal_altar, minmay_ruptured
D:4:      layout_layer_cave, nicolae_overflow_crystal_walls,
          portal_sewer_entry_b

Skill      XL: |  1  2  3  4  5 |
---------------+----------------+-----
Dodging        | 3 |  3.9
Transmutations | 3 |  3.8
Stealth        | 1 |  1.6
Spellcasting   | 3 |  3.2
Unarmed Combat | 4 |  4.6
Fighting       | |  1.1

Action                   |  1- 3 |  4- 6 || total
-------------------------+-------+-------++-------
Melee: Unarmed           |    87 |   145 ||   232
       Headbutt          |    11 |    18 ||    29
       Bite              |     8 |     8 ||    16
       Punch             |     2 |       ||     2
 Cast: Beastly Appendage |    25 |    22 ||    47
       Wereblood         |     2 |     4 ||     6
  Use: Potion            |     3 |     2 ||     5
       Scroll            |       |     8 ||     8
 Stab: Sleeping          |     1 |     4 ||     5
Armor: Skin              |     2 |     7 ||     9
Dodge: Dodged            |    89 |   153 ||   242

Table legend: (Time is in decaauts)
 A = Elapsed time spent in this place.
 B = Non-inter-level travel time spent in this place.
 C = Inter-level travel time spent in this place.
 D = Time resting spent in this place.
 E = Time spent auto-exploring this place.
 F = Levels seen in this place.
 G = Mean time per level.
                   A        B        C        D        E       F      G
               +--------+--------+--------+--------+--------+-----+--------+
         Total |   4316 |   3705 |    611 |   1464 |      2 |   4 | 1079.0 |
       Dungeon |   4316 |   3705 |    611 |   1464 |      2 |   4 | 1079.0 |
               +--------+--------+--------+--------+--------+-----+--------+

Top non-repeatable levels by time:
     D:2: 1524 daAuts
     D:3: 1445 daAuts
     D:1: 1111 daAuts
     D:4: 234 daAuts
